[Event "*** Titled Tuesday Blitz"]
[Site "Chess.com"]
[Date "2020.11.03"]
[Round "3"]
[White "MPGM"]
[Black "martynkovaelena"]
[Result "1-0"]
[WhiteElo "2453"]
[BlackElo "2278"]
[TimeControl "180+1"]
[EndTime "10:31:48 PST"]
[Termination "MPGM won on time"]

1. d4 Nf6 2. c4 g6 3. Nc3 Bg7 4. e4 d6 5. h3 O-O 6. Be3 e5 7.
d5 a5 8. g4 Na6 9. Nge2 Nc5 10.
Ng3 c6 11. Be2 cxd5 12. cxd5 a4 13. Qd2 Qa5 14. g5 Ne8 15. h4 Nc7 16. h5 b5 17.
Rc1 b4 18. Nb1 Ba6 19. Kf1 Bxe2+ 20. Qxe2 Nb5 21. Nd2 Nd4 22. Bxd4 exd4 23. Nc4 Qa6 24. Kg2 Rae8 25. f3 f6 26. hxg6 hxg6 27. gxf6 Rxf6 28.
Qd2 b3 29. a3 Qc8 30. Qg5 Qd8 31. Qh4 Nd3 32. Rcd1 Nf4+ 33. Kf2 Ref8 34. e5 dxe5 35. Nxe5 Nh5 36. Nxh5 gxh5 37. Qxh5 Rh6 38. Qg4 Qf6 39. Nd7 Qf4 40. Nxf8 Qe3+ 41. Kg3 Qe5+ 42. f4 Qe3+ 43. Qf3 Kxf8 44. Rxh6 Bxh6 45. Qxe3 dxe3 46. Kf3 Bg7 47. Rb1 Bd4 48. Ke4 Bc5 49. Re1 Ke7 50. Rxe3 Kd6 51. Re1 Bf2 52. Re2 Bh4 53. f5 Bf6 54. Rg2 Kc5 55.
Rg1 Bh8 56. Rg2 Bf6 57. Rd2 Bg7 58. d6 1-0

[Event "*** Titled Tuesday Blitz"]
[Site "Chess.com"]
[Date "2020.11.03"]
[Round "3"]
[White "guillembaches"]
[Black "anon569"]
[Result "0-1"]
[WhiteElo "2385"]
[BlackElo "2250"]
[TimeControl "180+1"]
[EndTime "10:31:49 PST"]
[Termination "anon569 won on time"]

1. e4 c5 2. Nf3 d6 3. d4 cxd4 4. Qxd4 a6 5. c4 Nc6 6. Qe3 g6 7. Nc3 Bg7 8. Be2 Nf6 9. h3 O-O 10. O-O Nd7 11. Rd1 Nc5 12. Bd2 Bd7 13. Rac1 Rc8 14. b3 e6 15. Be1 Qe7 16. Qg5 Bf6 17. Qe3 Rfd8 18. Bf1 Bg7 19. Rc2 Be8 20. g3 Qf8 21. h4 h5 22. Bg2 Qe7 23. Qe2 Nb4 24. Rcc1 Nc6 25. Bd2 Nd4 26. Nxd4 Bxd4 27. Bg5 Bf6 28.
Bf4 Bc6 29. b4 Na4 30. Nxa4 Bxa4 31. Rd2 b5 32. c5 dxc5 33. Rxd8+ Qxd8 34. bxc5 Bd4 35. c6 e5 36. Bg5 Qb6 37. Qd2 Rxc6 38. Rxc6 Qxc6 39. Bh3 Kg7 40. Qe2 Qc2 41. Qf3 Qd1+ 42. Qxd1 Bxd1 43. Bc8 a5 44. Bd8 Bc3 45. Bd7 Be2 46. Bb6 a4 47. f4 a3 48. Kf2 Bc4 49. Ke3 b4 50. Ba4 Bxa2 51. Bc7 b3 52. fxe5 b2 53.
e6 fxe6 54. Be5+ Bxe5 0-1

[Event "*** Titled Tuesday Blitz"]
[Site "Chess.com"]
[Date "2020.11.03"]
[Round "3"]
[White "WiktoriaPOL"]
[Black "SARGISMV"]
[Result "0-1"]
[WhiteElo "2092"]
[BlackElo "2480"]
[TimeControl "180+1"]
[EndTime "10:31:51 PST"]
[Termination "SARGISMV won by resignation"]

1. c4 Nf6 2. Nc3 c5 3. Nf3 g6 4. d4 cxd4 5. Nxd4 Bg7 6. e4 O-O 7. Be2 Nc6 8. Nc2 d6 9. O-O Be6 10. Be3 Nd7 11. Qd2 Qa5 12. Nd4 Nxd4 13. Bxd4 Bxd4 14.
Qxd4 Rac8 15. b3 a6 16. Nd5 Bxd5 17. exd5 b5 18. Rfe1 bxc4 19. Bxc4 Ne5 20. Bd3 Qc3 21.
Qxc3 Rxc3 22. Bxa6 Ra8 23. Bf1 Ra7 24. f4 Ng4 25. Red1 Ne3 26. Rd3 Rxd3 27. Bxd3 Nxd5 28. g3 Nb4 29. Bb1 Ra3 30. Kf2 Kg7 31. Ke3 e5 32.
fxe5 dxe5 33. Kd2 f5 34. Kc3 Nd5+ 35. Kc4 Ne3+ 36. Kb4 Ra8 37. a4 Nd5+ 38. Kc4 Ne3+ 39. Kd3 Ng4 40. b4 e4+ 41. Ke2 Ne5 42. b5 Nc4 43. h3 Kf6 44. Bc2 Ke5 45. Bb3 Na5 46. Bf7 g5 47. h4 f4 48. g4 h6 49. hxg5 hxg5 50. b6 Rb8 51. Rb1 Kd4 52. Be6 f3+ 53.
Kf2 Kc5 54. b7 Rxb7 55. Bf5 Rxb1 56. Bxe4 Rb4 57. Bxf3 Rxa4 0-1

[Event "*** Titled Tuesday Blitz"]
[Site "Chess.com"]
[Date "2020.11.03"]
[Round "3"]
[White "FlamingPhoenix2910"]
[Black "vinniethepooh"]
[Result "0-1"]
[WhiteElo "2813"]
[BlackElo "2590"]
[TimeControl "180+1"]
[EndTime "10:31:52 PST"]
[Termination "vinniethepooh won by resignation"]

1. e4 c5 2. Nf3 d6 3. c3 Nf6 4. Bc4 g6 5. O-O Bg7 6. Re1 O-O 7. d4 cxd4 8. cxd4 Nxe4 9. Rxe4 d5 10. Bxd5 Qxd5 11. Nc3 Qd8 12. Bg5 f6 13. Qb3+ Kh8 14.
Bh4 Nc6 15. d5 Na5 16. Qb4 Re8 17. Rae1 Bf5 18. Rxe7 Rxe7 19. Rxe7 Bf8 20. Bxf6+ Kg8 21. d6 Bxe7 22. dxe7 Qb6 23. Qxb6 axb6 24. Nd5 Kf7 25. Ne5+ Ke6 26. Nc7+ Kxf6 27. Nxa8 Kxe7 28. Nxb6 Be6 29.
b4 Kd6 30. f4 Nc6 31. Nbc4+ Bxc4 32. Nxc4+ Kd5 33. Nb6+ Ke4 34. a3 Kxf4 35. Nc4 b5 36. g3+ Kf3 37. Nd6 Nd4 38. Kf1 Ke3 39. Ke1 Kd3 40.
Kf2 Kc3 41. Ke3 Nc2+ 42. Ke4 Nxa3 43. Ke5 Nc4+ 44. Nxc4 Kxc4 45. Kf6 Kxb4 46. Kg7 Kc5 47. Kxh7 b4 48. Kxg6 b3 49. h4 b2 50. g4 b1=Q+ 51. Kg5 Qh7 52. h5 Kd6 53. Kf6 Kd7 54. g5 Qxh5 55.
g6 Ke8 56. g7 Qf7+ 0-1

[Event "*** Titled Tuesday Blitz"]
[Site "Chess.com"]
[Date "2020.11.03"]
[Round "3"]
[White "ApacheSVD"]
[Black "Jungle_Jaguar"]
[Result "0-1"]
[WhiteElo "2412"]
[BlackElo "2633"]
[TimeControl "180+1"]
[EndTime "10:31:52 PST"]
[Termination "Jungle_Jaguar won by checkmate"]

1. e4 c5 2. Nf3 d6 3. d4 cxd4 4. Nxd4 Nf6 5. Nc3 Nc6 6. Bg5 e6 7. Qd2 a6 8. O-O-O Bd7 9. f4 b5 10. f5 Qb6 11. fxe6 fxe6 12. Nxc6 Bxc6 13. Bxf6 gxf6 14.
Be2 h5 15. Kb1 O-O-O 16. Qf4 Be7 17. Bf3 Qc5 18. Rhe1 Rhg8 19. Nd5 Bxd5 20. exd5 e5 21. Qf5+ Kb8 22. Qxh5 Rg5 23. Qh7 Rd7 24. h4 Rg3 25. h5 Rc7 26. Qe4 Bf8 27. Re2 Bh6 28. Qf5 Bg5 29.
Qg6 Bh4 30. Qe8+ Rc8 31. Qe6 Bg5 32. Qf5 Rf8 33. Qg6 Bf4 34. Qf5 Rg5 35. Qe4 f5 36. Qd3 e4 37. Bxe4 fxe4 38. Qxe4 Be5 39. h6 Rh5 40. h7 Qc7 41. Qg6 Rxh7 42. g4 Rg7 43. Qe6 Re7 44. Qg6 Rg7 45. Qe6 Qc8 46. Qxc8+ Kxc8 47. g5 Rxg5 48. b3 Rgf5 49. a4 bxa4 50. bxa4 Rf4 51.
Rd3 Rb4+ 52. Kc1 Rf1+ 53. Kd2 Rxa4 54. Rb3 Raa1 55. Rb6 Rad1+ 56. Ke3 Bd4+ 57. Ke4 Bxb6 58. c4 Rd4+ 59. Ke3 Rxd5+ 60. Ke4 Re5+ 61. Kd3 Rf3+ 62. Kc2 Ba5 63. Kd1 Rf1+ 64. Kc2 Rxe2+ 65. Kd3 Rd2+ 66. Ke4 Re1+ 67. Kf5 Rf2+ 68. Kg4 Rg1+ 69. Kh3 Bc7 70. c5 d5 71. c6 Rh2# 0-1

[Event "*** Titled Tuesday Blitz"]
[Site "Chess.com"]
[Date "2020.11.03"]
[Round "3"]
[White "Witik"]
[Black "Bodnar_Mykola"]
[Result "1-0"]
[WhiteElo "2630"]
[BlackElo "2405"]
[TimeControl "180+1"]
[EndTime "10:31:52 PST"]
[Termination "Witik won by checkmate"]

1. e4 c5 2. Nf3 d6 3. d4 cxd4 4.
Nxd4 Nf6 5. Nc3 a6 6. Be3 e5 7.
Nf3 Be7 8. Bc4 Be6 9. Bxe6 fxe6 10. O-O O-O 11. Na4 b5 12. Nb6 Ra7 13. Ng5 Ng4 14. Qxg4 Bxg5 15. Qxe6+ Kh8 16. Bxg5 Qxg5 17. Qxd6 Raf7 18.
Nd5 Nd7 19. f3 Nf6 20. Nxf6 Rxf6 21. Qc5 h5 22. Kh1 Rd8 23. Rad1 Rd2 24. Rxd2 Qxd2 25.
Qf2 Qd6 26. Qe2 Qb4 27. c3 Qa4 28. a3 Rd6 29. f4 exf4 30. Qxh5+ Kg8 31. e5 Qc4 32. Qe8+ Kh7 33. Qh5+ Kg8 34. Qf3 Rd2 35. h3 Rxb2 36. Re1 Qe6 37. Qxf4 Qg6 38. Qe4 Qe6 39. Re2 Rxe2 40. Qxe2 Kh8 41. Qe3 Kg8 42. Kh2 Kh8 43. Kg3 Kg8 44. Kf3 Qd5+ 45. Kf2 Qe6 46. Ke2 Qc4+ 47.
Kf3 Qd5+ 48. Qe4 Qe6 49. g4 Qf7+ 50. Qf5 Qd5+ 51. Kg3 Qc5 52. e6 Qxc3+ 53. Kh4 Qe1+ 54. Kh5 Qe3 55. Qf7+ Kh7 56. Qf5+ Kg8 57. g5 Qe2+ 58. Kg6 Qc4 59. Qf7+ Kh8 60. Qf8# 1-0

[Event "*** Titled Tuesday Blitz"]
[Site "Chess.com"]
[Date "2020.11.03"]
[Round "3"]
[White "Trickov"]
[Black "JiiHart"]
[Result "0-1"]
[WhiteElo "2309"]
[BlackElo "2089"]
[TimeControl "180+1"]
[EndTime "10:31:52 PST"]
[Termination "JiiHart won on time"]

1. d4 Nf6 2. Nf3 e6 3. g3 c5 4.
Bg2 cxd4 5. O-O Nc6 6. Nxd4 Be7 7. c4 O-O 8. Nc3 a6 9. e4 Qc7 10. Be3 d6 11. Rc1 Bd7 12. h3 Rac8 13. Qd2 Qb8 14.
b3 Rfd8 15. Rfd1 Be8 16. Nde2 b5 17. cxb5 axb5 18. g4 h6 19. Ng3 Bf8 20. Qe2 b4 21. Na4 Ne5 22. Rxc8 Rxc8 23. Nb6 Rc6 24. f4 Ned7 25.
Nc4 d5 26. exd5 exd5 27. Bxd5 Nxd5 28. Rxd5 Re6 29. Qf2 Nf6 30. Re5 Rxe5 31. fxe5 Nd5 32. Bc5 Bxc5 33. Qxc5 Nc3 34. Nf5 Kh7 35. Nfd6 Qd8 36. Qf2 Qg5 37. Qf5+ Qxf5 38. gxf5 Bd7 39. Ne3 Nxa2 40. Nxf7 Nc1 41. Nd6 Nxb3 42. e6 Bc6 43. e7 Nd4 44. e8=Q Bxe8 45. Nxe8 b3 46. Nc4 Nxf5 47.
Nc7 Nd4 48. Nd5 Kg6 49. Kf2 Kf5 50. Ke3 g5 51. Kxd4 g4 52. Nde3+ Kf4 53. hxg4 Kg5 54. Nd2 h5 55. Ne4+ Kg6 0-1

[Event "*** Titled Tuesday Blitz"]
[Site "Chess.com"]
[Date "2020.11.03"]
[Round "3"]
[White "paulrusan"]
[Black "davigator"]
[Result "1-0"]
[WhiteElo "2185"]
[BlackElo "2362"]
[TimeControl "180+1"]
[EndTime "10:31:53 PST"]
[Termination "paulrusan won by resignation"]

1. e4 c5 2. b4 cxb4 3. Bb2 d6 4. d4 Nc6 5. d5 Nb8 6. f4 Nd7 7. Nf3 Nc5 8. Qd4 Qb6 9. Nbd2 Na4 10. Nc4 Qc5 11.
a3 Nxb2 12. Qxb2 bxa3 13. Qxa3 Nf6 14. Qxc5 dxc5 15. Nb6 Rb8 16. Bb5+ Bd7 17. Nxd7 Nxd7 18. Ne5 e6 19. Rxa7 Ke7 20. Nxd7 Rd8 21. Rxb7 exd5 22.
e5 Ke6 23. c4 dxc4 24. Bxc4+ Kf5 25. O-O f6 26. Bd3+ Ke6 27. f5+ Kd5 28. exf6 gxf6 29. Nxf6+ Kd4 30. Bb5 Bd6 31. Rd1+ Ke5 32. Rf7 Rhf8 33.
Rd5+ Kf4 34. Rxf8 Rxf8 35. Rxd6 Kxf5 36. Nd5 Ke5 37. Rd7 Rb8 38. Bf1 Rc8 39. Ne3 Ke4 40.
Nc4 Rh8 41. h4 h6 42. h5 Ra8 43. Rd6 Rh8 44. Kf2 Rf8+ 45. Ke2 Rh8 46. g3 Rh7 47. Bg2+ Kf5 48. Ne3+ Kg5 49. Rd5+ Kf6 50. Rxc5 Re7 51.
Rc6+ Kg5 52. Bf3 Rg7 53. Rg6+ Rxg6 54. hxg6 Kxg6 55. g4 Kg5 56. Kd3 Kf4 57. Be2 Ke5 58.
Ng2 h5 59. gxh5 Kf6 60. Ke4 Kg5 61. Ne3 Kh6 62. Kf5 Kg7 63. Ng4 Kh7 64. h6 Kg8 65. Kg6 Kh8 66. Ne5 Kg8 67. h7+ Kf8 68. h8=Q+ Ke7 69. Qf6+ 1-0

[Event "*** Titled Tuesday Blitz"]
[Site "Chess.com"]
[Date "2020.11.03"]
[Round "3"]
[White "German_Bazeev"]
[Black "juancruzarias"]
[Result "1-0"]
[WhiteElo "2742"]
[BlackElo "2551"]
[TimeControl "180+1"]
[EndTime "10:31:54 PST"]
[Termination "German_Bazeev won by resignation"]

1. d4 Nf6 2. Bg5 d6 3. Bxf6 gxf6 4. e3 c6 5. Nf3 Bg4 6. g3 h5 7. h4 Nd7 8. Be2 Qb6 9. Qc1 f5 10. Nbd2 Nf6 11. a4 Bh6 12. a5 Qc7 13. a6 b5 14.
c4 b4 15. c5 d5 16. Ne5 Bxe2 17. Kxe2 Ng4 18. Ndf3 Rb8 19. Qc2 e6 20. b3 Rg8 21.
Nd3 f6 22. Nf4 Qf7 23. Nd3 Qc7 24. Ra4 e5 25. dxe5 fxe5 26. Ndxe5 Nxe5 27. Qxf5 Ng4 28. Qxh5+ Qf7 29. Qxf7+ Kxf7 30. Rd1 Rb5 31. Rd4 Nf6 32. Rdxb4 Rgb8 33. Rxb5 Rxb5 34. b4 Ne4 35. Ne5+ Ke6 36. Nxc6 Nc3+ 37. Kd3 Bg7 38. Nxa7 Rxc5 39. bxc5 Nxa4 40.
c6 Nc5+ 41. Ke2 Nxa6 42. Nb5 Nb4 43. c7 Kd7 44. g4 Na6 45. f4 Nxc7 46. Nxc7 Kxc7 47.
g5 Kd6 48. h5 Ke6 49. Kf3 Kf5 50. h6 Bf8 51. Kg3 Bb4 52. Kh4 Bd2 53. Kh5 Bxe3 54. g6 Kf6 55. f5 Bd4 56. Kg4 Be3 57. Kh5 Bc1 58. g7 Kf7 59. f6 d4 60. h7 d3 61.
g8=Q+ Kxf6 62. Qd5 d2 63. h8=Q+ 1-0

[Event "*** Titled Tuesday Blitz"]
[Site "Chess.com"]
[Date "2020.11.03"]
[Round "3"]
[White "Anton_Demchenko"]
[Black "Rakesh"]
[Result "1-0"]
[WhiteElo "2846"]
[BlackElo "2459"]
[TimeControl "180+1"]
[EndTime "10:31:58 PST"]
[Termination "Anton_Demchenko won by resignation"]

1. e4 c5 2. Nf3 e6 3. g3 Nc6 4. Bg2 g6 5. O-O Bg7 6. c3 e5 7.
d3 Nge7 8. a3 d6 9. b4 b6 10.
Bb2 O-O 11. b5 Na5 12. c4 Be6 13. Nc3 Qd7 14. Ng5 Bg4 15. f3 Be6 16. a4 Rae8 17.
Nxe6 Qxe6 18. Kh1 f5 19. Bh3 Qf7 20. Qc2 Kh8 21. Rae1 f4 22. Nd5 Nxd5 23. exd5 fxg3 24. hxg3 g5 25. Kg2 Qg6 26. Be6 Rf6 27. Bc3 Nb7 28. Qe2 Nd8 29. Bg4 Ref8 30. Rh1 Nf7 31. Bh5 Qf5 32. Bg4 Qg6 33. Qe4 Nh6 34. Qxg6 Rxg6 35.
Bh5 Rgf6 36. Ref1 Nf5 37. Bd2 Nd4 38. Bxg5 Nc2 39. Bxf6 Rxf6 40. Rf2 Ne3+ 41. Kg1 Bh6 42. Bg4 Nxg4 43. fxg4 Be3 44. Rh2 Kg7 45. Kf1 Bxf2 46. Rxf2 Rxf2+ 47. Kxf2 Kf6 48. Kg2 Kg5 49. Kf3 h6 50.
Kf2 Kxg4 51. Kg2 h5 52. Kf2 Kg5 53. Kf3 Kf5 54. Ke3 Kg4 55. Kf2 Kh3 56. Kf3 Kh2 57. g4 hxg4+ 58. Kxg4 Kg2 59. Kf5 Kf3 60. Ke6 Ke3 61.
Kxd6 Kxd3 62. Kc6 e4 63. d6 e3 64. d7 e2 65. d8=Q+ 1-0

[Event "*** Titled Tuesday Blitz"]
[Site "Chess.com"]
[Date "2020.11.03"]
[Round "3"]
[White "swimmerchess"]
[Black "Markov_Mikhail"]
[Result "1/2-1/2"]
[WhiteElo "2848"]
[BlackElo "2643"]
[TimeControl "180+1"]
[EndTime "10:31:59 PST"]
[Termination "Game drawn by repetition"]

1. e4 c5 2. Nf3 d6 3. d4 cxd4 4. Nxd4 Nf6 5. Nc3 a6 6. Bg5 e6 7.
f4 Be7 8. Qf3 Nbd7 9. O-O-O h6 10. Bh4 Qc7 11. Be2 Rb8 12. Qg3 Rg8 13. f5 e5 14. Nb3 b5 15. a3 Bb7 16. Qd3 Nc5 17. Nxc5 Qxc5 18. Bxf6 gxf6 19. Bf3 Kd7 20. Nd5 Bxd5 21.
Qxd5 Qxd5 22. Rxd5 Bd8 23. Rhd1 Bc7 24. g3 Rb6 25.
Bh5 Rf8 26. R1d3 Rc6 27. Kd1 Ke7 28. Be2 Rb8 29. g4 a5 30. Rh3 b4 31. a4 Rh8 32. b3 Rc5 33. Rdd3 Bb6 34. Rh5 Rc3 35. h4 Rxd3+ 36. Bxd3 Be3 37. Ke2 Bf4 38. Bc4 Kf8 39. Kf3 Kg7 40. g5 fxg5 41. hxg5 Bxg5 42. Rh1 h5 43.
Rg1 Kf6 44. Bxf7 h4 45. Bc4 h3 46. Rh1 h2 47. Kg2 Bf4 48. Rd1 Ke7 49. f6+ Kxf6 50. Rxd6+ Ke7 51. Rd1 Rh6 52. Kh1 Rg6 53. Bb5 Rg5 54.
Rd7+ Kf6 55. Rd1 Kg6 56. Rd6+ Kh5 57. Be2+ Kh4 58. Rh6+ Kg3 59. Rxh2 Be3 60. Rg2+ Kf4 61. Rxg5 Kxg5 62. Kg2 Kf4 63. Bd3 Bd4 64. Kh3 Bc3 65.
Kh4 Bd4 66. Kh5 Bc3 67. Kg6 Ke3 68. Kf6 Kd4 69. Ke6 Kc5 70. Kd7 Kb6 71. Kd6 Bd4 72. Kd5 Bc3 73. Bc4 Bd4 74. Bd3 Bc3 75. Kd6 Bd4 76. Kd7 Bc3 77. Kc8 Bd4 78. Kb8 Bc3 79.
Kc8 Bd4 80. Kd7 Bc3 1/2-1/2

[Event "*** Titled Tuesday Blitz"]
[Site "Chess.com"]
[Date "2020.11.03"]
[Round "3"]
[White "DraG0s3L"]
[Black "Nuvas"]
[Result "0-1"]
[WhiteElo "2587"]
[BlackElo "2266"]
[TimeControl "180+1"]
[EndTime "10:31:59 PST"]
[Termination "Nuvas won by checkmate"]

1. d4 d5 2. Nf3 Nf6 3. Bf4 c5 4.
c3 Nc6 5. e3 Qb6 6. Qb3 c4 7.
Qxb6 axb6 8. Nbd2 b5 9. a3 b4 10. cxb4 Nxb4 11. Rc1 Nc6 12. Ne5 Nxe5 13. Bxe5 e6 14.
Bxf6 gxf6 15. g3 f5 16. Bg2 b5 17. O-O b4 18. Nxc4 Ba6 19. Nb6 Rb8 20. Rc6 Bb5 21.
Rfc1 Bxc6 22. Rxc6 bxa3 23. bxa3 Bxa3 24. Bf1 Bb4 25. Kg2 Ba5 26. Na4 O-O 27. Nc5 Rb2 28. Ra6 Bc3 29. Na4 Rb3 30. Nxc3 Rxc3 31. Ra2 Rfc8 32.
h3 Rc2 33. Ra1 Rb2 34. Bd3 Rc3 35. Rd1 Kg7 36. g4 fxg4 37. hxg4 h6 38. Kg3 f6 39.
Kf3 Rbb3 40. Bb1 Ra3 41. Kg2 Ra1 42. Kf3 Rb3 43. Bc2 Rxd1 44. Bxd1 Rb2 45. Be2 Kg6 46. Bd3+ Kg5 47. Kg3 h5 48. gxh5 Kxh5 49. Bf1 e5 50.
dxe5 fxe5 51. Bg2 Rd2 52. Kf3 Kh4 53. Bf1 Kg5 54. Bb5 d4 55. exd4 exd4 56. Ke4 Kf6 57. f4 Rd1 58. Bd3 Rd2 59. Kxd4 Rb2 60. f5 Rb4+ 61.
Ke3 Rh4 62. Kf3 Ke5 63. Ke2 Rh3 64. Bb1 Kd4 65. Kf2 Rb3 66. f6 Rxb1 67. f7 Rb8 68.
Kg3 Rf8 69. Kf4 Rxf7+ 70. Kg5 Ke5 71. Kg6 Re7 72. Kh6 Kf5 73. Kh5 Rh7# 0-1

[Event "*** Titled Tuesday Blitz"]
[Site "Chess.com"]
[Date "2020.11.03"]
[Round "3"]
[White "MartinZumsande"]
[Black "Loy_Konstantin"]
[Result "1-0"]
[WhiteElo "2601"]
[BlackElo "2372"]
[TimeControl "180+1"]
[EndTime "10:32:01 PST"]
[Termination "MartinZumsande won on time"]

1. e4 c5 2. c3 Nf6 3. e5 Nd5 4. d4 cxd4 5. cxd4 d6 6. Bc4 e6 7. Nf3 Be7 8. O-O Nc6 9. Re1 O-O 10. exd6 Qxd6 11. Nc3 Nxc3 12. bxc3 b6 13. Ng5 Bxg5 14. Bxg5 Bb7 15. Qg4 Kh8 16. Bd3 f5 17. Qh4 Rae8 18. Re3 Rf7 19. Rae1 Qd5 20. Rh3 g6 21. Bf6+ Kg8 22.
Qg5 Ne7 23. Rg3 Qd7 24. Be5 Nc6 25. h4 Nxe5 26. Rxe5 Qe7 27. Bc4 Qxg5 28. hxg5 Rfe7 29. Rge3 Kf7 30. f4 Bc6 31. Bb3 Be4 32. Kf2 Rc8 33. g4 Rd8 34. Rh3 Rh8 35. Rh2 Bd5 36. c4 Be4 37. Kg3 Rd7 38. Rd2 Rhd8 39. d5 exd5 40. cxd5 Rd6 41. gxf5 Bxf5 42. Rh2 Kg8 43. Re7 R8d7 44.
Rxd7 Rxd7 45. d6+ Kg7 46. Rd2 Kf8 47. Kf3 Rd8 48. Ba4 Bd7 49. Bxd7 Rxd7 50. Ke4 Ke8 51. Kd5 Kd8 52. Kc6 Rf7 53. Rh2 Rxf4 54. Rxh7 Rc4+ 55. Kd5 Rc2 56. Rxa7 Rg2 57. Ke6 Re2+ 58. Kf6 Rd2 59.
Kxg6 Rxd6+ 60. Kh7 Rd2 61. g6 Rh2+ 62. Kg8 Ke8 63. g7 Rh3 64. Ra4 Ke7 65. Re4+ Kd7 66. Kf7 Rf3+ 67. Kg6 Rg3+ 68. Kf6 b5 69. Re5 Rf3+ 70.
Rf5 1-0

[Event "*** Titled Tuesday Blitz"]
[Site "Chess.com"]
[Date "2020.11.03"]
[Round "3"]
[White "lamomiablanca"]
[Black "pastouche06"]
[Result "1/2-1/2"]
[WhiteElo "2268"]
[BlackElo "2504"]
[TimeControl "180+1"]
[EndTime "10:32:06 PST"]
[Termination "Game drawn - insufficient material"]

1. e4 c6 2. d4 d5 3. Nc3 dxe4 4. Nxe4 Nf6 5. Nxf6+ exf6 6. Be2 Bd6 7. Nf3 O-O 8. Be3 Re8 9. Qd2 a5 10. O-O Bg4 11.
Rfe1 Nd7 12. Nh4 Bxe2 13. Rxe2 Qc7 14. g3 g6 15. Rae1 b5 16. Ng2 Nb6 17. Bf4 Rxe2 18.
Rxe2 Nc4 19. Qc1 b4 20. h4 h5 21. c3 Nb6 22. Qe1 Kg7 23. Re8 Rxe8 24. Qxe8 Nd5 25. Bh6+ Kh7 26. c4 Qe7 27. Qxc6 Nc3 28. bxc3 bxc3 29.
Be3 c2 30. Qf3 Ba3 31. c5 Qe6 32. d5 Qe5 33. d6 Bxc5 34. Bf4 Qxd6 35. Bxd6 c1=Q+ 36. Kh2 Bxd6 37. Qd5 Qc7 38. Ne3 Kg7 39. Qe4 Bc5 40. Kg2 Qe5 41. Qxe5 fxe5 42. Nc4 a4 43. Nxe5 Bd6 44. Nc4 Bc7 45. Kf3 f5 46. Ke2 Kf6 47.
Nb2 a3 48. Nc4 f4 49. Nxa3 fxg3 50. fxg3 Bxg3 51. Nb5 Bxh4 52. Kf3 Be1 53. a4 g5 54. Nd4 Ke5 55. Nc2 g4+ 56. Kg2 Bc3 57. Ne3 Kf4 58.
Nd5+ Ke5 59. Nxc3 Kd4 60. a5 Kc5 61. Kg3 Kc6 62. Kh4 Kb7 63. Kxh5 g3 64. Ne2 g2 65.
Kg4 Ka6 66. Kg3 Kxa5 67. Kxg2 1/2-1/2

[Event "*** Titled Tuesday Blitz"]
[Site "Chess.com"]
[Date "2020.11.03"]
[Round "3"]
[White "oogee"]
[Black "Balla_Tamas"]
[Result "0-1"]
[WhiteElo "2218"]
[BlackElo "2490"]
[TimeControl "180+1"]
[EndTime "10:32:06 PST"]
[Termination "Balla_Tamas won by resignation"]

1. d4 f5 2. g3 Nf6 3. Bg2 e6 4. Nh3 d5 5. O-O c6 6. Nd2 Bd6 7. Nf3 O-O 8. Bf4 Be7 9. Be5 Nbd7 10. Nf4 Nxe5 11. Nxe5 Bd6 12. Nfd3 Nd7 13. c4 Nxe5 14.
Nxe5 Qc7 15. f4 Rd8 16. Qb3 Bd7 17. e3 Be8 18. Rac1 Qb6 19. c5 Qxb3 20. axb3 Bc7 21. b4 a5 22. bxa5 Rxa5 23. Rc3 Rda8 24. Rf2 Ra1+ 25.
Bf1 R8a7 26. Rb3 Kf8 27. Kg2 Ke7 28. h3 Kd8 29. g4 Kc8 30. Bd3 g6 31. h4 Re1 32. gxf5 gxf5 33. Be2 Raa1 34. Bf3 Rh1 35. Kg3 Rhg1+ 36. Kh2 Rg7 37. Rg2 Rxg2+ 38. Bxg2 Re1 39. Bf3 Rf1 40. Kg2 Rb1 41. Kf2 Rc1 42. Kg3 Rg1+ 43. Kf2 Rc1 44. Kg3 Rc2 45. Rb4 Kb8 46. Rb3 Ba5 47. Ra3 Be1+ 48. Kh3 Rxb2 49. Ra1 Bd2 50.
Rg1 Bg6 51. h5 Bxe3 52. hxg6 hxg6 53. Rxg6 Bxf4 54. Bg2 Rb3+ 55. Kh4 Rb4 56. Rxe6 Be3 57. Re8+ Kc7 58. Ng6 Rxd4+ 59. Kh5 Bf2 60. Re7+ Kb8 61.
Ne5 Rd2 62. Kg5 Kc8 63. Kxf5 Bxc5 64. Re8+ Kc7 65. Bh3 Rf2+ 66. Ke6 Re2 67. Bf5 d4 68.
Kf6 Bd6 69. Nc4 Rxe8 70. Nxd6 Kxd6 0-1

[Event "*** Titled Tuesday Blitz"]
[Site "Chess.com"]
[Date "2020.11.03"]
[Round "3"]
[White "Oglob71"]
[Black "Shield12"]
[Result "0-1"]
[WhiteElo "2468"]
[BlackElo "2907"]
[TimeControl "180+1"]
[EndTime "10:32:08 PST"]
[Termination "Shield12 won by checkmate"]

1. d4 Nf6 2. Nf3 e6 3. c4 b6 4. a3 Bb7 5. Nc3 Ne4 6. Nxe4 Bxe4 7. e3 g6 8. Bd3 Bb7 9. O-O Bg7 10. e4 O-O 11.
Be3 d6 12. Rc1 Nd7 13. b4 a5 14. c5 dxc5 15. bxc5 bxc5 16. dxc5 Bc6 17. Nd4 Ne5 18. Nxc6 Nxc6 19. Bb5 Nd4 20. Bxd4 Bxd4 21. Qa4 e5 22. Bc6 Ra6 23. Bb5 Rf6 24. Rc2 Rf4 25. Bc6 Qf6 26. Bd5 h5 27. Qxa5 c6 28. Qb6 cxd5 29. Qxf6 Rxf6 30.
exd5 Rc8 31. Rfc1 Kf8 32. a4 Ra6 33. Rc4 Ra5 34. d6 Rcxc5 35. Kf1 Ke8 36. f4 Kd7 37. fxe5 Rxc4 38. Rxc4 Bxe5 39. Rc7+ Kxd6 40. Rxf7 Rxa4 41. h3 h4 42. Rh7 Bg3 43. Ke2 Rf4 44. Rg7 Rf6 45.
Ke3 g5 46. Ke4 Rf4+ 47. Kd3 Rf2 48. Rxg5 Rxg2 49. Ke4 Rh2 50. Rg6+ Kc5 51. Rg5+ Kc4 52. Kf3 Rxh3 53. Rh5 Rh1 54. Kg4 Kd3 55. Rh8 Re1 56. Kh3 Re3 57. Ra8 Be1+ 58. Kh2 Ke2 59. Ra2+ Kf3 60. Ra8 Bg3+ 61. Kh3 Bf2 62. Rf8+ Ke2+ 63. Kg2 Rg3+ 64. Kh2 Be3 65. Re8 Kf3 66. Rh8 Bg5 67. Rf8+ Bf4 68. Kh1 Rg4 69. Rh8 Kg3 70. Ra8 Be3 71.
Ra2 Rc4 72. Rg2+ Kf3 73. Rg8 Rc1+ 74. Kh2 Bf4+ 75. Kh3 Rh1# 0-1

[Event "*** Titled Tuesday Blitz"]
[Site "Chess.com"]
[Date "2020.11.03"]
[Round "3"]
[White "suyu28"]
[Black "Sanan_Sjugirov"]
[Result "1-0"]
[WhiteElo "2646"]
[BlackElo "2839"]
[TimeControl "180+1"]
[EndTime "10:32:10 PST"]
[Termination "suyu28 won by checkmate"]

1. e4 c5 2. Nf3 d6 3. Bb5+ Nc6 4. O-O Bd7 5. c4 e5 6. Nc3 Nge7 7. d3 a6 8. Ba4 h6 9. Be3 g6 10. Nd2 Bg7 11. f4 exf4 12. Bxf4 Be6 13. Nf3 O-O 14. Qd2 Kh7 15. Rae1 Rb8 16. Kh1 Bg4 17. Bd1 Bxf3 18.
Bxf3 b5 19. cxb5 axb5 20. Nd5 Nxd5 21. exd5 Ne5 22. Bd1 Ra8 23. a3 Qa5 24. Qe3 Rae8 25. Qg3 Qa7 26. h4 c4 27. dxc4 bxc4 28. h5 g5 29.
Bc2+ Kg8 30. Be3 Qb7 31. Rd1 Qxb2 32. Bb1 Qxa3 33. Qf2 f5 34. Bc1 Qa8 35. Bxf5 Kh8 36.
Qc2 Qb7 37. Be6 Rxf1+ 38. Rxf1 Qe7 39. Bb2 g4 40. g3 Qg5 41. Qh2 Qe3 42. Bc1 Qe4+ 43.
Qg2 Nf3 44. Bf4 Qd4 45. Bxg4 Ne5 46. Bh3 Qd3 47. Be6 c3 48. Rc1 c2 49. Qxc2 Qf3+ 50.
Qg2 Qa3 51. g4 Nd3 52. Rf1 Nxf4 53. Rxf4 Qc1+ 54. Rf1 Qg5 55. Qf3 Qh4+ 56. Kg2 Be5 57. Rh1 Qg5 58. Qf5 Qd2+ 59. Qf2 Qd3 60. Qf3 Qc2+ 61.
Kh3 Rb8 62. Bf5 Qc4 63. Bd3 Rb3 64. Qf8# 1-0

[Event "*** Titled Tuesday Blitz"]
[Site "Chess.com"]
[Date "2020.11.03"]
[Round "3"]
[White "lelya96"]
[Black "anon481216"]
[Result "1-0"]
[WhiteElo "2209"]
[BlackElo "2380"]
[TimeControl "180+1"]
[EndTime "10:32:10 PST"]
[Termination "lelya96 won on time"]

1. e4 c5 2. Nf3 Nc6 3. d4 cxd4 4.
Nxd4 e6 5. Nc3 Qc7 6. Be2 a6 7.
O-O Nf6 8. f4 d6 9. Kh1 Be7 10.
Be3 O-O 11. Qe1 Nxd4 12. Bxd4 b5 13. a3 Bb7 14. Qg3 Bc6 15. Rae1 Rad8 16. Bf3 Qb7 17. Re2 a5 18. Rfe1 b4 19. axb4 axb4 20. Nb1 Rfe8 21.
Nd2 g6 22. b3 d5 23. e5 Nd7 24. f5 exf5 25. e6 fxe6 26. Rxe6 Nf8 27. Qe5 Nxe6 28. Qh8+ Kf7 29. Qxh7+ Kf8 30. Rxe6 Bg5 31. Qxg6 Rxe6 32.
Qxe6 Bxd2 33. Qxf5+ Qf7 34. Bc5+ Ke8 35. Bh5 Qxh5 36.
Qxh5+ Kd7 37. Qf7+ Kc8 38. Bb6 Rd7 39. Qf8+ Kb7 40.
Qc5 Bc3 41. Ba5 d4 42. Qb6+ Ka8 43. Qxc6+ Rb7 44. h3 Ka7 45. Qc5+ Ka6 46. h4 Rb5 47. Qc7 Rxa5 48. Qc6+ Ka7 49. h5 Rxh5+ 50. Kg1 Ra5 51. Kf2 Ra2 52. Qc5+ Ka6 53. Qc4+ Ka5 54. Qd3 Ra1 55. Kf3 Re1 56. Qc4 Re3+ 57. Kf4 Kb6 58. g4 Re1 59. g5 Bd2+ 60. Kg4 Rg1+ 61. Kf3 Be3 62. Qe6+ Kc5 63. g6 Rf1+ 64. Ke4 Rf4+ 65. Kd3 Rf3 66. Qe5+ Kb6 67. Kc4 Rf8 68. Qc5+ 1-0